 Dungeon Crawl Stone Soup version 0.17-a0-1954-g0dddeaa (webtiles) character file.

82 achirane the Ruffian (level 4, -5/40 HPs)
             Began as a Troll Transmuter on Oct 3, 2015.
             Was an Initiate of Cheibriados.
             Slain by an orc priest
             ... wielding a +0 dagger
              (6 damage)
             ... on level 4 of the Dungeon.
             The game lasted 00:05:08 (1056 turns).

achirane the Ruffian (Troll Transmuter)             Turns: 1056, Time: 00:05:08

Health: -5/40      AC:  5    Str: 20    XL:     4   Next: 21%
Magic:  4/4        EV: 10    Int: 10    God:    Cheibriados [......]
Gold:   62         SH:  0    Dex: 11    Spells: 1 memorised, 4 levels left

rFire  . . .     SeeInvis .       - Unarmed
rCold  . . .     Clarity  .     b - +0 robe
rNeg   . . .     SustAt   .     (no shield)
rPois  .         Gourm    +     (helmet restricted)
rElec  .         Spirit   .     (no cloak)
rCorr  .         Warding  .     (gloves unavailable)
rMut   .         Stasis   .     (boots unavailable)
MR     .....                    (no amulet)
Stlth  +.........               (no ring)
                                (no ring)

@: lethally poisoned (-5 -> -5), very slow, not resistant to hostile
enchantments, very unstealthy
A: unfitting armour, claws 3, fast metabolism 3, gourmand, regeneration 2,
shaggy fur 1, tough skin 2
a: Bend Time, Renounce Religion


You were on level 4 of the Dungeon.
You worshipped Cheibriados.
Cheibriados was noncommittal.
You were not hungry.

You visited 1 branch of the dungeon, and saw 4 of its levels.

You collected 62 gold pieces.

Inventory:

Hand weapons
 o - a +0 blowgun
   (You took it off a kobold on level 3 of the Dungeon)
Missiles
 a - 12 arrows
 e - 33 poisoned needles
Armour
 b - a +0 robe (worn)
Scrolls
 f - 4 scrolls of enchant armour {unknown}
 i - 2 scrolls of identify {unknown}
 p - a scroll of teleportation {unknown}
 q - a scroll of amnesia {unknown}
Potions
 g - a potion of brilliance {unknown}
 h - a potion of flight {unknown}
 k - a potion of beneficial mutation {unknown}
 l - a potion of might {unknown}
 m - 2 potions of curing {unknown}
 n - a potion of poison {unknown}
Books
 c - a book of Changes
 r - a book of Air
   (You found it on level 4 of the Dungeon)
Comestibles
 d - 3 bread rations {@e1}
 j - a meat ration {@e2}


   Skills:
 - Level 0.7 Fighting
 - Level 1.5 Dodging
 * Level 4.4 Unarmed Combat
 - Level 1.2 Spellcasting
 + Level 2.1 Transmutations
 + Level 0.5 Invocations


You had 4 spell levels left.
You knew the following spells:

 Your Spells              Type           Power        Failure   Level  Hunger
a - Beastly Appendage     Trmt           #.....       14%         1    ##.....


Dungeon Overview and Level Annotations

Branches:
Dungeon (4/15)
 Temple: D:4-7

Altars:
Ashenzari
Cheibriados
Dithmenos
Makhleb


Innate Abilities, Weirdness & Mutations

You are too large for most types of armour.
You have claws for hands.
Your metabolism is lightning-fast.
You like to eat raw meat.
You heal very quickly.
You are covered in fur (AC +1).
You have very tough skin (AC +2).


Message History

Things that are here:
a leather armour; an orc corpse The adder misses you.
The orc wizard hits you but does no damage.
The orc wizard mumbles some strange words.
The orc wizard seems to speed up.
The adder bites you but does no damage.
The orc priest shouts!
The orc priest casts a cantrip, but nothing happens.
The orc wizard hits you but does no damage.
The adder misses you.
The orc wizard hits you but does no damage.
The orc wizard hits you but does no damage.
The orc wizard gestures at you while chanting.
The magic dart hits you!
The orc wizard hits you with a vampiric dagger.
You take 8 damage, and have 24/32 hp.
MASSIVE DAMAGE!!
The orc wizard misses you.
The orc wizard hits you with a vampiric dagger.
You take 2 damage, and have 23/32 hp.
The orc wizard hits you but does no damage.
The orc wizard casts a spell at you. The magic dart hits you!
You take 2 damage, and have 22/32 hp.
You barely miss the orc wizard. The orc wizard barely misses you.
You closely miss the orc wizard.
The orc wizard points at you and mumbles some strange words.
The puff of frost hits you!
The orc wizard hits you with a vampiric dagger.
You take 4 damage, and have 18/32 hp.
You closely miss the orc wizard. The orc wizard closely misses you.
You claw the orc wizard!
The orc wizard is severely wounded.
The orc wizard hits you with a vampiric dagger.
The orc wizard draws strength from your injuries!
You take 2 damage, and have 16/32 hp.
You scratch the orc wizard.
The orc wizard is heavily wounded.
The orc wizard hits you with a vampiric dagger.
The orc wizard draws strength from your injuries!
The orc wizard points at you and mumbles some strange words.
The puff of frost hits you!
* * * LOW HITPOINT WARNING * * *
You take 10 damage, and have 6/32 hp.
MASSIVE DAMAGE!!
You barely miss the orc wizard.
The orc wizard is heavily wounded.
The orc wizard hits you but does no damage.
You barely miss the orc wizard.
The orc wizard is heavily wounded.
The orc wizard casts a spell at you. The puff of flame hits you!
* * * LOW HITPOINT WARNING * * *
The orc wizard barely misses you.
You take 4 damage, and have 3/32 hp.
Drink which item? (? for menu, Esc to quit)
Okay, then.
You scratch the orc wizard.
The orc wizard is severely wounded.
The orc wizard completely misses you.
You scratch the orc wizard.
You kill the orc wizard!
Cheibriados thoroughly appreciates the change of pace.
Your Transmutations skill increases to level 2!
You have reached level 4!
The adder closely misses you.
MP restored: 4 You scratch the adder.
The adder is severely wounded.
The adder closely misses you.
You barely miss the adder.
The adder is severely wounded.
The adder closely misses you.
You miss the adder.
The adder is severely wounded.
The adder bites you.
* * * LOW HITPOINT WARNING * * *
You are poisoned.
The adder poisons you!
You take 3 damage, and have 3/40 hp.
You claw the adder!
You kill the adder!
Cheibriados thoroughly appreciates the change of pace.
You feel sick.
You scratch the orc.
The orc is heavily wounded.
The orc closely misses you.
You claw the orc!
You kill the orc!
Cheibriados appreciates the change of pace.
You feel sick.
You barely miss the orc priest. The orc priest hits you with a dagger.
* * * LOW HITPOINT WARNING * * *
You take 1 damage, and have 2/40 hp.
You scratch the orc priest but do no damage.
* * * LOW HITPOINT WARNING * * *
You feel sick. The orc priest barely misses you.
You take 1 damage, and have 1/40 hp.
You scratch the orc priest.
The orc priest is heavily wounded.
The orc priest hits you with a dagger.
You die...

## #......(# .#
#.#.$.....#+#+# .#########
#.#............ .........# #.#
#[o....... .........# ...
+......... .........#######.#
#......... ..............##.#
#......... ..............##.#
##....>... ..............##@#
###o.......
..............##o###..........
###...##...........o..........
#...##......##.##....#.###.#
.............##.##....#.# #
###############.##......#
..####+#..# #.# ..# ..# ..#


You could see an orc priest.

Vanquished Creatures
  An orc wizard (D:4)
  2 adders
  2 worms (D:2)
  2 giant geckos
  2 orcs (D:4)
  2 bats
  2 giant cockroaches
  4 hobgoblins
  2 giant newts
  3 goblins
  7 kobolds
  A quokka (D:2)
  A rat (D:2)
31 creatures vanquished.

Notes
Turn   | Place    | Note
--------------------------------------------------------------
     0 | D:1      | achirane the Troll Transmuter began the quest for the Orb.
     0 | D:1      | Reached XP level 1. HP: 18/18 MP: 1/1
    42 | D:1      | Found a shattered altar of Ashenzari.
   321 | D:2      | Reached XP level 2. HP: 18/26 MP: 2/2
   504 | D:2      | Found a burning altar of Makhleb.
   639 | D:2      | Reached XP level 3. HP: 32/32 MP: 3/3
   705 | D:2      | Found a snail-covered altar of Cheibriados.
   720 | D:2      | Became a worshipper of Cheibriados the Contemplative
   846 | D:3      | Found a shadowy altar of Dithmenos.
   856 | D:3      | Reached skill level 4 in Unarmed Combat
  1043 | D:4      | HP: 6/32 [orc wizard/puff of frost (9)]
  1047 | D:4      | Reached skill level 2 in Transmutations
  1047 | D:4      | Reached XP level 4. HP: 5/40 MP: 4/4
  1050 | D:4      | HP: 3/40 [adder (3)]
  1055 | D:4      | HP: 1/40 [poisoned by an adder]
  1056 | D:4      | Slain by an orc priest

Vault maps used:
D:1:      dpeg_arrival_simpleton_b, nicolae_ashenzari_panopticon
D:2:      lemuel_doored_altar, overflow_temple_1_default, bh_chokoban,
          lemuel_old_faithful
D:3:      nicolae_dithmenos_shadow_blocks, first_bread, serial_aquarium,
          aquarium_bridge_island_small, aquarium_window_corridor_3,
          aquarium_window_fake, aquarium_window_corner, aquarium_view_2f,
          aquarium_view_2e, aquarium_balcony_5b, aquarium_pool_split,
          minmay_splitting_lines, uniq_terence
D:4:      nicolae_overflow_hidden_temple, minmay_hedge_maze

Action                   |  1- 3 |  4- 6 || total
-------------------------+-------+-------++-------
Melee: Unarmed           |    99 |     9 ||   108
  Eat: Chunk             |    10 |       ||    10

Vault maps used:
D:1:      dpeg_arrival_simpleton_b, nicolae_ashenzari_panopticon
D:2:      lemuel_doored_altar, overflow_temple_1_default, bh_chokoban,
          lemuel_old_faithful
D:3:      nicolae_dithmenos_shadow_blocks, first_bread, serial_aquarium,
          aquarium_bridge_island_small, aquarium_window_corridor_3,
          aquarium_window_fake, aquarium_window_corner, aquarium_view_2f,
          aquarium_view_2e, aquarium_balcony_5b, aquarium_pool_split,
          minmay_splitting_lines, uniq_terence
D:4:      nicolae_overflow_hidden_temple, minmay_hedge_maze

Table legend:
 A = Turns spent in this place as a percentage of turns spent in the entire game.
 B = Non-inter-level travel turns spent in this place as a percentage of non-inter-level travel turns spent in the entire game.
 C = Inter-level travel turns spent in this place as a percentage of turns spent in this place.
 D = Turns resting spent in this place as a percentage of non-inter-level travel turns spent in this place.
 E = Turns spent auto-exploring this place as a percentage of non-inter-level travel turns spent in this place.
 F = Non-inter-level travel turns spent in this place divided by the number of levels of this place that you've seen.
                   A       B       C       D       E      F
               +-------+-------+-------+-------+-------+----------------------
         Total | 100.0 | 100.0 |   0.0 |   0.0 |   9.6 |  89.0
       Dungeon | 100.0 | 100.0 |   0.0 |   0.0 |   9.6 |  89.0
               +-------+-------+-------+-------+-------+----------------------

Table legend:
 A = Kills in this place as a percentage of kills in entire the game.
 B = Kills by you in this place as a percentage of kills by you in the entire game.
 C = Kills by friends in this place as a percentage of kills by friends in the entire game.
 D = Other kills in this place as a percentage of other kills in the entire game.
 E = Experience gained in this place as a percentage of experience gained in the entire game.
 F = Experience gained in this place divided by the number of levels of this place that you have seen.
                   A       B       C       D       E      F
               +-------+-------+-------+-------+-------+----------------------
         Total | 100.0 | 100.0 |  -nan |  -nan | 100.0 |  29.5
       Dungeon | 100.0 | 100.0 |  -nan |  -nan | 100.0 |  29.5
               +-------+-------+-------+-------+-------+----------------------
